 Dungeon Crawl Stone Soup version 0.30-a0-738-g116ff8c4af (webtiles) character file.

Game seed: 10295722598602810173

2810 Ijustatesigmund the Thaumaturge (level 9, -2/48 HPs)
             Began as a Deep Elf Conjurer on Feb 3, 2023.
             Was an Initiate of Vehumet.
             Slain by an orc warrior
             ... wielding a +0 scimitar
              (11 damage)
             ... on level 8 of the Dungeon.
             The game lasted 00:20:43 (8949 turns).

Ijustatesigmund the Thaumaturge (Deep Elf Conjurer) Turns: 8949, Time: 00:20:44

Health: -2/48      AC:  7    Str:  8    XL:     9   Next: 44%
Magic:  19/34      EV: 13    Int: 33    God:    Vehumet [......]
Gold:   612        SH:  0    Dex: 12    Spells: 25/29 levels left

rFire   . . .      SeeInvis .    v - +1 shortbow
rCold   . . .      Faith    .    (shield currently unavailable)
rNeg    . . .      Spirit   .    a - +0 steam dragon scales
rPois   .          Reflect  .    F - +2 helmet
rElec   .          Harm     .    B - +2 cloak {rCorr}
rCorr   +          Rampage  .    (no gloves)
Will    .....                    (no boots)
Stlth   ++                       L - amulet of regeneration
HPRegen 1.08/turn                C - +6 ring of intelligence
MPRegen 0.24/turn                n - ring of magical power

@: corroded
A: talons 1, strong 1
a: Renounce Religion


You were on level 8 of the Dungeon.
You worshipped Vehumet.
Vehumet was noncommittal.
You visited 2 branches of the dungeon, and saw 9 of its levels.
You also visited: Ossuary.

You collected 612 gold pieces.

Inventory:

Hand Weapons
 c - a +2 vampiric dagger
 h - a +5 short sword of draining
 l - the +3 dagger of Execution {flame, rPois rC+ Will-}
   (You found it on level 2 of the Dungeon)

   rC:        It protects you from cold.
   rPois:     It protects you from poison.
   Will:      It decreases your willpower.
 v - a +1 shortbow (weapon)
Armour
 a - +0 steam dragon scales (worn)
 B - a +2 cloak of preservation (worn)
 E - the +2 leather armour "Leleo" {rElec}
   (You found it on level 6 of the Dungeon)

   rElec:     It insulates you from electricity.
 F - a +2 helmet (worn)
Jewellery
 e - a ring of protection from cold
 g - a ring of positive energy
 n - a ring of magical power (right hand)
 C - a +6 ring of intelligence (left hand)
 L - an amulet of regeneration (around neck)
Wands
 q - a wand of flame (13)
 D - a wand of acid (1)
Scrolls
 j - a scroll of fog
 k - 3 scrolls of amnesia
 m - 2 scrolls of immolation
 s - a scroll of noise
 y - 4 scrolls of teleportation
 G - a scroll of vulnerability
 H - a scroll of fear
 I - a scroll of acquirement {unknown}
 K - a scroll of summoning
 N - a scroll of enchant weapon
Potions
 b - a potion of magic
 d - 2 potions of cancellation
 f - 2 potions of heal wounds
 i - 3 potions of flight
 o - 2 potions of ambrosia
 p - a potion of berserk rage
 r - 2 potions of mutation
 t - a potion of brilliance
 u - a potion of lignification
 w - 3 potions of might {unknown}
 x - 5 potions of curing {unknown}
 z - 2 potions of invisibility {unknown}
 A - 2 potions of haste {unknown}
 J - a potion of degeneration {unknown}
 M - a potion of resistance {unknown}


   Skills:
 - Level 2.0 Fighting
 - Level 3.7 Ranged Weapons
 - Level 1.2 Armour
 + Level 4.0 Dodging
 + Level 3.2 Stealth
 + Level 10.7 Spellcasting
 + Level 9.7 Conjurations
 - Level 3.1 Translocations
 - Level 2.0 Evocations


You had 25 spell levels left.
You knew the following spells:

 Your Spells              Type           Power      Damage    Failure   Level
a - Magic Dart            Conj           100%       1d8       1%          1
b - Searing Ray           Conj           100%       2d8       1%          2
c - Apportation           Tloc           76%        N/A       1%          1

Your spell library contained the following spells:

 Spells                   Type           Power      Damage    Failure   Level
 Shock                    Conj/Air       100%       1d9       1%          1
 Dazzling Flash           Conj/Hex       100%       N/A       1%          3
 Iskenderun's Mystic Bla  Conj/Tloc      57%        2d12      1%          4
 Necrotise                Necr           68%        1d7       2%          1
 Summon Small Mammal      Summ           68%        N/A       2%          1
 Fulminant Prism          Conj/Hex       25%        3d14      3%          4
 Swiftness                Air            17%        N/A       8%          3
 Lightning Bolt           Conj/Air       25%        1d41      10%         5
 Airstrike                Air            8%         2d(2-18)  26%         4
 Anguish                  Hex/Necr       8%         N/A       26%         4
 Summon Lightning Spire   Summ/Air       17%        N/A       26%         4
 Enfeeble                 Hex            8%         N/A       100%        7


Dungeon Overview and Level Annotations

Branches:
Dungeon (8/15)             Temple (1/1) D:7         Ossuary (visited)
   Lair: D:8-11

Altars:
Ashenzari
Cheibriados
Dithmenos
Elyvilon
Fedhas
Gozag
Hepliaklqana
Kikubaaqudgha
Makhleb
Nemelex Xobeh
Okawaru
Qazlal
Ru
Sif Muna
Trog
Uskayaw
Vehumet
Wu Jian
Xom
Yredelemnul
Zin
The Shining One

Shops:
D:1 =

Annotations:
D:4 1 runed translucent door, Regoshi's ghost, amateur SpEn


Innate Abilities, Weirdness & Mutations

You have sharp toenails.
Your muscles are strong. (Str +4, Int/Dex -1)


Message History

The searing ray hits the acid dragon.
You kill the acid dragon!
Vehumet accepts your kill.
The searing ray hits the orc warrior!
The orc warrior is heavily wounded.
The searing ray hits the orc.
The orc is severely wounded.
Your Dodging skill increases to level 4!
Your Stealth skill increases to level 3!
The searing ray hits the orc warrior.
The orc warrior is severely wounded.
The searing ray hits the orc!
You kill the orc!
Vehumet accepts your kill. The orc warrior barely misses you.
The searing ray hits the orc warrior but does no damage.
The orc warrior is severely wounded.
You finish channelling your searing ray.
The orc warrior closely misses you.
Casting: Searing Ray (safe; 1% risk of failure)
Confirm with . or Enter, or press ? or * to list all spells.
Aiming: Searing Ray (safe; 1% risk of failure)
Press: ? - help, Shift-Dir - straight line, f - orc warrior
Aim: an orc warrior, wielding a +0 scimitar and wearing a +3 plate armour (severely wounded, 83% to hit)
The searing ray misses the orc warrior. (Press . to maintain the ray.)
The orc warrior hits you with a +0 scimitar!
The searing ray misses the orc warrior.
The searing ray misses the kobold brigand.
The orc warrior hits you with a +0 scimitar!
* * * LOW HITPOINT WARNING * * *
Aiming: Corrosive Bolt
Press: ? - help, Shift-Dir - straight line, f/p - orc warrior
Aim: an orc warrior, wielding a +0 scimitar and wearing a +3 plate armour (severely wounded, 71% to hit)
The bolt of acid hits the orc warrior!
The acid corrodes the orc warrior!
The orc warrior is almost dead.
The bolt of acid hits the kobold brigand!
The kobold brigand is heavily wounded.
The orc warrior hits you with a +0 scimitar!
You die...

#.....................
########'###..##....##....
#...####.###..##....######
#<............#######
#.............#
############..# ####..#
#.....# #@##### #o# #K#
#)# #)'...Ko. ###.o?o..
...h.. ..... #####


You could see an orc warrior (corroded) and a kobold brigand.

Vanquished Creatures
  Pikel (D:7)
  Sigmund (D:2)
  2 steam dragons (D:7)
  An acid dragon (D:8)
  2 ice beasts
  A centaur (D:8)
  2 lemures (D:7)
  2 scorpions (D:5)
  2 bullfrogs
  4 water moccasin zombies (Ossuary)
  4 wights (D:8)
  6 howler monkeys
  2 hounds
  A gnoll bouda (D:5)
  2 orc priests (D:5)
  Terence (D:3)
  3 iguanas
  3 orc wizards (D:6)
  2 mummies (Ossuary)
  12 gnolls
  7 adders
  2 white imps
  An ufetubus (D:5)
  4 adder zombies (Ossuary)
  2 worms (D:2)
  3 dart slugs
  26 orcs
  3 ball pythons
  6 endoplasms
  2 giant cockroaches
  11 goblins
  10 hobgoblins
  5 jackals
  3 quokkas
  5 bats
  4 frilled lizards
  6 gnoll zombies (Ossuary)
  6 hobgoblin zombies (Ossuary)
  7 kobolds
  3 kobold zombies (Ossuary)
  4 orc zombies (Ossuary)
  A rat (D:2)
175 creatures vanquished.

Vanquished Creatures (collateral kills)
  2 orcs (D:6)
2 creatures vanquished.

Vanquished Creatures (others)
  9 fungi (D:7)
9 creatures vanquished.

Grand Total: 186 creatures vanquished

Notes
Turn   | Place    | Note
-------+----------+-------------------------------------------
     0 | D:1      | Ijustatesigmund the Deep Elf Conjurer began the quest for
                  | the Orb.
     0 | D:1      | Reached XP level 1. HP: 10/10 MP: 6/6
   478 | D:1      | Found Orokloru's Jewellery Emporium.
   545 | D:1      | Reached XP level 2. HP: 15/15 MP: 4/8
  1240 | D:2      | Noticed Sigmund
  1384 | D:1      | Learned a level 2 spell: Searing Ray
  1392 | D:2      | Killed Sigmund
  1393 | D:2      | Reached skill level 5 in Spellcasting
  1393 | D:2      | Reached XP level 3. HP: 19/19 MP: 2/12
  1393 | D:2      | Reached XP level 4. HP: 24/24 MP: 2/13
  1393 | D:2      | Reached XP level 5. HP: 28/28 MP: 2/15
  1651 | D:2      | Found an ancient bone altar of Kikubaaqudgha.
  1770 | D:2      | Found a faded altar of an unknown god.
  1842 | D:2      | Reached skill level 6 in Spellcasting
  2621 | D:2      | Identified the +3 dagger of Execution {flame, rPois rC+
                  | Will-}
  2873 | D:3      | Reached XP level 6. HP: 32/32 MP: 17/17
  3412 | D:3      | Found an ancient bone altar of Kikubaaqudgha.
  3412 | D:3      | Found a hazy altar of Hepliaklqana.
  3692 | D:3      | Noticed Terence
  3704 | D:3      | Killed Terence
  3910 | D:4      | Found a runed translucent door.
  3920 | D:4      | Noticed Regoshi's ghost (amateur SpEn)
  4123 | D:4      | Found a broken altar of Ashenzari.
  4241 | D:4      | Found a sand-covered staircase.
  4250 | Ossuary  | Entered an ossuary
  4506 | Ossuary  | Reached skill level 7 in Spellcasting
  4572 | Ossuary  | Reached skill level 1 in Evocations
  4624 | Ossuary  | Reached skill level 1 in Fighting
  4624 | Ossuary  | Reached XP level 7. HP: 17/38 MP: 19/19
  5457 | D:5      | Entered Level 5 of the Dungeon
  5501 | D:5      | Reached skill level 1 in Ranged Weapons
  5800 | D:5      | Found a sacrificial altar of Ru.
  5802 | D:5      | Found a sparkling altar of Nemelex Xobeh.
  5918 | D:5      | Reached skill level 8 in Spellcasting
  6000 | D:5      | Reached XP level 8. HP: 44/44 MP: 22/22
  6725 | D:6      | Learned a level 1 spell: Apportation
  6728 | D:6      | Found an ornate altar of the Wu Jian Council.
  6818 | D:6      | Gained mutation: You have sharp toenails. [potion of
                  | mutation]
  6818 | D:6      | Gained mutation: Your muscles are strong. (Str +4, Int/Dex
                  | -1) [potion of mutation]
  6871 | D:6      | Identified the +2 leather armour "Leleo" {rElec}
  6919 | D:6      | Reached skill level 1 in Translocations
  7394 | D:7      | Reached skill level 1 in Armour
  7529 | D:7      | Noticed an air elemental
  7535 | D:7      | Reached skill level 9 in Spellcasting
  7556 | D:7      | Found a stormy altar of Qazlal.
  7619 | D:7      | Noticed Pikel
  7638 | D:7      | Killed Pikel
  7639 | D:7      | Reached XP level 9. HP: 44/48 MP: 23/24
  7750 | D:7      | Found a staircase to the Ecumenical Temple.
  7767 | D:7      | Reached skill level 10 in Spellcasting
  8150 | D:8      | Found a blossoming altar of Fedhas.
  8336 | D:8      | Found a burning altar of Makhleb.
  8336 | D:8      | Noticed a cacodemon
  8604 | Temple   | Entered the Ecumenical Temple
  8663 | Temple   | Became a worshipper of Vehumet
  8949 | D:8      | Slain by an orc warrior

Illustrated notes

Levels and vault maps discovered:
D:1:      dpeg_arrival_circle_labyrinth_b, layout_loops_corners, serial_shops,
          shop, minmay_ruptured
D:2:      layout_loops_ring, basic_altar, hellmonk_ecumenical_altar_dog_temple,
          uniq_sigmund
D:3:      layout_loops_ring, gammafunk_temple_overflow_statue, uniq_terence
D:4:      cheibrodos_greedy_goblins, layout_loops_ring, evilmike_ruin_ashenzari,
          ebering_ghost_reflecting_pool, nicolae_ossuary_entry_monument
D:5:      layout_basic, mainiacjoe_overflow_catwalk, overflow_temple_1_default,
          kennysheep_potato
D:6:      layout_rooms, mainiacjoe_overflow_boulevard
D:7:      kennysheep_steamy, layout_cave_pools,
          nicolae_qazlal_style_of_elements, minmay_temple_entry_from_below_b,
          serial_glass, glass_columns_a, glass_columns_c, uniq_pikel
D:8:      layout_gridville, makhleb_altar_promises_db,
          mainiacjoe_overflow_tiny_flanked, kennysheep_generic_room_8
Temple:   cyrus_circular_temple

Skill      XL: |  1  2  3  4  5  6  7  8  9 |
---------------+----------------------------+-----
Spellcasting   | 5 6 7 8 9 10 | 10.7
Conjurations   | 6 7 9 |  9.7
Evocations     | 1 2 |  2.0
Fighting       | 1 2 |  2.0
Ranged Weapons | 2 3 |  3.7
Dodging        | 3 4 |  4.0
Translocations | 3 |  3.1
Armour         | 1 |  1.2
Stealth        | 3 |  3.2

Action                     |  1- 3 |  4- 6 |  7- 9 || total
---------------------------+-------+-------+-------++-------
  Melee: Dagger            |     7 |       |       ||     7
         Short sword       |       |       |     5 ||     5
   Fire: Shortbow          |       |       |    81 ||    81
   Cast: Magic Dart        |    23 |   101 |    11 ||   135
         Searing Ray       |     2 |    19 |    62 ||    83
  Evoke: Wand              |       |       |     4 ||     4
    Use: Scroll            |     6 |     4 |     9 ||    19
         Potion            |     1 |       |     2 ||     3
   Stab: Sleeping          |     1 |       |       ||     1
 Armour: Robe              |     4 |     1 |    10 ||    15
         Leather armour    |       |       |     3 ||     3
         Steam dragon scal |       |       |     5 ||     5
  Dodge: Dodged            |    17 |     9 |    44 ||    70

Table legend: (Time is in decaauts)
 A = Elapsed time spent in this place.
 B = Non-inter-level travel time spent in this place.
 C = Inter-level travel time spent in this place.
 D = Time resting spent in this place.
 E = Time spent auto-exploring this place.
 F = Levels seen in this place.
 G = Mean time per level.
                   A        B        C        D        E       F      G
               +--------+--------+--------+--------+--------+-----+--------+
         Total |   8975 |   8822 |    153 |   1949 |   5573 |  10 |  897.5 |
       Dungeon |   8203 |   8065 |    138 |   1422 |   5481 |   8 | 1025.4 |
        Temple |     74 |     59 |     15 |      0 |     38 |   1 |   74.0 |
       Ossuary |    697 |    697 |      0 |    527 |     54 |   1 |  697.0 |
               +--------+--------+--------+--------+--------+-----+--------+

Top non-repeatable levels by time:
     D:1: 1379 daAuts
     D:2: 1295 daAuts
     D:3: 1174 daAuts
     D:5: 1055 daAuts
     D:4: 912 daAuts
     D:7: 866 daAuts
     D:8: 777 daAuts
     D:6: 741 daAuts
 Ossuary: 697 daAuts
  Temple: 74 daAuts
